 Dungeon Crawl Stone Soup version 0.18.1-6-gd335043 (webtiles) character file.

321 lightmor the Cleaver (level 6, 0/76 HPs)
             Began as a Minotaur Berserker on May 17, 2016.
             Was a Priest of Trog.
             Killed by nerve-wracking pain
             ... invoked by an orc priest
              (10 damage)
             ... on level 3 of the Dungeon.
             The game lasted 00:04:01 (2224 turns).

lightmor the Cleaver (Minotaur Berserker)           Turns: 2224, Time: 00:04:01

Health: 0/76       AC:  6    Str: 28    XL:     6   Next: 22%
Magic:  5/5        EV: 12    Int:  4    God:    Trog [***...]
Gold:   233        SH:  0    Dex: 10    Spells: 0 memorised, 5 levels left

rFire  . . .     SeeInvis .     a - +0 hand axe
rCold  . . .     Gourm    .     u - +1 robe {MR+}
rNeg   . . .     Faith    .     (no shield)
rPois  .         Spirit   .     (helmet restricted)
rElec  .         Dismiss  .     e - +2 cloak {+Inv}
rCorr  .         Reflect  .     (no gloves)
SustAt .         Harm     .     (no boots)
MR     +....                    i - amulet of magic regeneration
Stlth  ..........               (no ring)
                                (no ring)

@: berserking, very quick, somewhat resistant to hostile enchantments, extremely
unstealthy
A: retaliatory headbutt, horns 2
a: Berserk, Trog's Hand, Burn Spellbooks, Renounce Religion, Evoke Invisibility


You were on level 3 of the Dungeon.
You worshipped Trog.
Trog was most pleased with you.
You were hungry.

You visited 1 branch of the dungeon, and saw 3 of its levels.
You also visited: Sewer.

You collected 233 gold pieces.

Inventory:

Hand Weapons
 a - a +0 hand axe (weapon)
Missiles
 s - 2 steel tomahawks (quivered)
Armour
 b - a +1 animal skin
 e - a +2 cloak of invisibility (worn)
 u - a +1 robe of magic resistance (worn)
Jewellery
 i - an amulet of magic regeneration (around neck)
Scrolls
 g - a scroll of enchant armour
 j - a scroll of blinking
 m - a scroll of enchant weapon {unknown}
 n - a scroll of remove curse {unknown}
 o - a scroll of fog
 r - a scroll of identify
Potions
 d - a potion of brilliance
 k - a potion of ambrosia
 l - a potion of curing
 p - a potion of invisibility {unknown}
 q - a potion of berserk rage {unknown}
 t - a potion of mutation {unknown}
Comestibles
 c - 2 bread rations
 f - 6 chunks of flesh
 h - 5 meat rations


   Skills:
 - Level 3.6 Fighting
 * Level 8.5 Axes
 - Level 2.4 Armour
 - Level 2.1 Dodging


You had 5 spell levels left.
You didn't know any spells.

Dungeon Overview and Level Annotations

Branches:
Dungeon (3/15)

Altars:
Nemelex Xobeh
Pakellas
The Shining One


Innate Abilities, Weirdness & Mutations

You reflexively headbutt those who attack you in melee.
You have a pair of horns on your head.


Message History

The orc priest hits you with a flail!
* * * LOW HITPOINT WARNING * * *
The orc completely misses you.
You feel a strong urge to attack something.
The goblin hits you but does no damage.
The orc wizard hits you but does no damage.
You are too injured to fight recklessly!
You are too injured to fight recklessly!
You are too injured to fight recklessly!
You are too injured to fight recklessly!
You barely miss the orc priest.
The orc priest is severely wounded.
You barely miss the orc. You slash the goblin!
You kill the goblin!
Trog accepts your kill.
You hit the orc wizard.
The orc wizard is moderately wounded.
The orc priest invokes the aid of Beogh against you.
Pain shoots through your body!
You die...

###### #. #....# #.
#....# ###.####
#..o.# ......#
##..@.#######(...#
#..o†o..)........##
##....##.#........#
##.#.##..........#
#........#.....#)###
##.......#...>......
#...##.....#.####..
#.#.########## +.†
#..# #..


You could see an orc priest, an orc wizard and an orc.

Vanquished Creatures
  Purgy (Sewer)
  Jessica (D:3)
  Terence (D:2)
  Robin (D:2)
  6 adders
  An ooze (D:2)
  2 dart slugs
  7 giant geckos
  An orc (D:3)
  5 giant cockroaches
  14 goblins
  15 hobgoblins
  3 jackals (D:1)
  5 quokkas
  A ball python (D:2)
  13 bats
  3 giant newts
  4 kobolds
  7 rats
91 creatures vanquished.

Notes
Turn   | Place    | Note
--------------------------------------------------------------
     0 | D:1      | lightmor the Minotaur Berserker began the quest for the Orb.
     0 | D:1      | Reached XP level 1. HP: 19/19 MP: 0/0
    66 | D:1      | Reached skill level 4 in Axes
   270 | D:1      | Reached XP level 2. HP: 23/26 MP: 1/1
   415 | D:1      | Reached skill level 5 in Axes
   604 | D:2      | Reached XP level 3. HP: 27/31 MP: 2/2
   635 | D:2      | Reached ** piety under Trog
   767 | D:2      | Noticed Robin
   776 | D:2      | Killed Robin
   776 | D:2      | Reached XP level 4. HP: 21/39 MP: 3/3
   779 | D:2      | Reached skill level 6 in Axes
   934 | D:2      | Noticed Terence
   940 | D:2      | Killed Terence
  1080 | D:2      | Found a sparkling altar of Nemelex Xobeh.
  1083 | D:2      | Found an oddly glowing altar of Pakellas.
  1088 | D:2      | Found a glowing golden altar of the Shining One.
  1196 | D:2      | Found a faded altar to an unknown god.
  1628 | D:3      | Reached XP level 5. HP: 45/45 MP: 4/4
  1637 | D:3      | Reached skill level 7 in Axes
  1651 | D:3      | Reached *** piety under Trog
  1870 | D:3      | Found a glowing drain.
  1874 | Sewer    | Entered a sewer
  1905 | Sewer    | Noticed Purgy
  1919 | Sewer    | Killed Purgy
  1919 | Sewer    | Reached skill level 8 in Axes
  1919 | Sewer    | Reached XP level 6. HP: 51/51 MP: 5/5
  2143 | D:3      | Noticed Jessica
  2146 | D:3      | Killed Jessica
  2224 | D:3      | Killed from afar by an orc priest

Skill      XL: |  1  2  3  4  5 |
---------------+----------------+-----
Axes           | 4 5 6 8 |  8.5
Fighting       | |  3.6
Armour         | |  2.4
Dodging        | |  2.1

Action                   |  1- 3 |  4- 6 || total
-------------------------+-------+-------++-------
Melee: Hand axe          |    68 |   115 ||   183
       Headbutt          |    11 |    10 ||    21
Invok: Berserk           |       |     3 ||     3
  Use: Scroll            |     2 |     5 ||     7
 Stab: Sleeping          |       |     1 ||     1
  Eat: Chunk             |       |     6 ||     6
Armor: Animal skin       |    16 |    44 ||    60
       Robe              |       |     2 ||     2
Dodge: Dodged            |    49 |    67 ||   116
